 Dungeon Crawl Stone Soup version 0.19.1 (webtiles) character file.

6136 Malachi the Chopper (level 10, -2/86 HPs)
             Began as a Ghoul Fighter on Nov 30, 2016.
             Was a Priest of Yredelemnul.
             Slain by a troll (8 damage)
             ... on level 9 of the Dungeon.
             The game lasted 00:14:20 (8174 turns).

Malachi the Chopper (Ghoul Fighter)                 Turns: 8174, Time: 00:14:20

Health: -2/86      AC: 18    Str: 28    XL:     10   Next: 89%
Magic:  9/9        EV:  7    Int:  4    God:    Yredelemnul [***...]
Gold:   434        SH: 11    Dex:  8    Spells: 0 memorised, 9 levels left

rFire  . . .     SeeInvis .     n - +4 flail (curse)
rCold  + . .     Gourm    .     O - +0 plate armour
rNeg   + + +     Faith    .     c - +0 shield
rPois  ∞         Spirit   .     (no helmet)
rElec  .         Reflect  .     A - +2 cloak
rCorr  +         Harm     .     (no gloves)
MR     .....                    z - +1 pair of boots
Stlth  ..........               (no amulet)
                                H - ring of resist corrosion
                                k - ring of flight

@: mighty, rotting
A: rotting body, claws 1, carnivore 3, cold resistance 1, negative energy
resistance 3, slow regeneration 1, torment resistance, unbreathing
a: Recall Undead Slaves, Injury Mirror, Animate Dead, Renounce Religion, Evoke
Flight


You were on level 9 of the Dungeon.
You worshipped Yredelemnul.
Yredelemnul was most pleased with you.
You were not hungry.

You visited 2 branches of the dungeon, and saw 10 of its levels.

You collected 434 gold pieces.

Inventory:

Hand Weapons
 a - a +1 war axe
 n - a cursed +4 flail (weapon)
Armour
 c - a +0 shield (worn)
 z - a +1 pair of boots (worn)
 A - a +2 cloak (worn)
 O - a +0 plate armour (worn)
Jewellery
 k - a ring of flight (left claw)
 H - a ring of resist corrosion (right claw)
Wands
 m - a wand of flame (31/48)
 t - a wand of random effects (24/48)
 u - a wand of flame (10/48)
 w - a wand of polymorph (9/24)
 C - a wand of paralysis (16/24)
 D - a wand of polymorph (9/24)
 E - a wand of flame (26/48)
 I - a wand of hasting (4/9)
 M - a wand of flame (32/48)
Scrolls
 e - a scroll of teleportation
 h - a scroll of recharging
 i - a scroll of enchant armour
 l - 5 scrolls of remove curse
 p - 2 scrolls of enchant weapon
 q - a scroll of fog {unknown}
 x - a scroll of blinking
 J - 6 scrolls of identify
Potions
 d - a potion of might
 r - 7 potions of curing
 s - a potion of agility
 G - a potion of mutation {unknown}
 K - 2 potions of cancellation {unknown}
 L - a potion of flight
Books
 y - a book of Party Tricks

   Spells                             Type                      Level
   a - Summon Butterflies             Summoning                    1
   b - Apportation                    Translocation                1
   c - Lesser Beckoning               Translocation                3
   d - Tukima's Dance                 Hexes                        3
   e - Alistair's Intoxication        Transmutation/Poison         5
   f - Invisibility                   Hexes                        6
 B - a book of Battle

   Spells                             Type                      Level
   a - Infusion                       Charms                       1
   b - Shroud of Golubria             Charms/Translocation         2
   c - Song of Slaying                Charms                       2
   d - Spectral Weapon                Hexes/Charms                 3
   e - Regeneration                   Charms/Necromancy            3
Comestibles
 f - 4 meat rations
 g - a slice of pizza
 o - 2 royal jellies
 v - a beef jerky


   Skills:
 + Level 7.1 Fighting
 + Level 7.7(8.4) Axes
 + Level 5.1(7.1) Maces & Flails
 + Level 6.7 Armour
 + Level 4.0 Dodging
 + Level 2.8 Stealth
 + Level 7.2 Shields
 + Level 0.7 Invocations


You had 9 spell levels left.
You didn't know any spells.

Dungeon Overview and Level Annotations

Branches:
Dungeon (9/15)             Temple (1/1) D:5            Lair (0/6) D:9
    Orc: D:9-12

Altars:
Ashenzari
Cheibriados
Dithmenos
Elyvilon
Fedhas
Gozag
Hepliaklqana
Kikubaaqudgha
Makhleb
Okawaru
Qazlal
Ru
Sif Muna
Trog
Uskayaw
Vehumet
Xom
Yredelemnul
Zin
The Shining One

Shops:
D:5 :   D:7 [


Innate Abilities, Weirdness & Mutations

Your body is rotting away.
You thrive on raw meat.
You are immune to poison.
You have sharp fingernails.
You are carnivorous and can eat meat at any time.
Your flesh is cold resistant. (rC+)
You are immune to negative energy. (rN+++)
You regenerate slowly when monsters are visible.
You are immune to unholy pain and torment.
You can survive without breathing.


Message History

* * * LOW HITPOINT WARNING * * *
The troll claws you but does no damage. x2
You are too injured to fight recklessly!
You are too injured to fight recklessly!
You are too injured to fight recklessly!
You sock the troll!
The troll is moderately wounded.
The troll bites you.
* * * LOW HITPOINT WARNING * * *
The troll closely misses you. The troll claws you but does no damage.
You closely miss the troll.
The troll is moderately wounded.
The troll bites you!
* * * LOW HITPOINT WARNING * * *
You block the troll's attack. The troll claws you but does no damage.
Your plate armour prevents you from hitting the troll.
The troll is moderately wounded.
You block the troll's attack. x2; The troll claws you!
You die...
Yredelemnul claims you as an undead slave.

########### #........#
#.........# #........#
#.........###........#
#.........#.'........+
#.........'.#........#
#.........#######'####
+.........# #..# #.........#
#.## ####'###### #@# ####.# #T#
#....# ###l##### #'#######
#..rr...#### ........#
####...r...$.P.
........###.('.......(...
.[......##..##...........
<[.....^##.###.............(...#
[)......##.# #..#.....P.........


You could see a troll, a basilisk, 2 river rats and a rat.

Vanquished Creatures
  Pikel (D:5)
  The ghost of ohados the Transmogrifier, a novice OpTm (D:6)
  A hornet (D:7)
  2 hippogriffs
  A wyvern (D:9)
  4 yaks (D:9)
  A basilisk (D:9)
  A hungry ghost (D:7)
  A water moccasin (D:6)
  A porcupine (D:9)
  An ice beast (D:7)
  A slave (D:5)
  An orc warrior (D:9)
  3 sky beasts
  A black bear (D:8)
  6 ogres
  5 centaurs
  A crocodile (D:9)
  A big kobold (D:8)
  4 bullfrogs
  Blork the orc (D:5)
  3 gnoll sergeants
  A wyvern zombie (D:8)
  A water moccasin zombie (D:8)
  5 scorpions
  5 wights (D:7)
  2 howler monkeys (D:8)
  A crimson imp (D:6)
  Crazy Yiuf (D:5)
  2 gnoll shamans (D:7)
  2 centaur skeletons
  4 hounds
  3 jellies
  3 orc wizards
  2 iguanas (D:6)
  3 worker ants (D:4)
  A hound skeleton (D:6)
  A worker ant zombie (D:5)
  A howler monkey zombie (D:5)
  A howler monkey skeleton (D:4)
  11 gnolls
  6 adders
  2 oozes
  An adder skeleton (D:8)
  A worm (D:3)
  A dart slug (D:1)
  2 leopard geckos
  12 orcs
  4 ball pythons
  7 bats
  6 giant cockroaches
  2 goblins
  9 hobgoblins
  9 jackals
  9 quokkas
  4 frilled lizards
  15 kobolds
  A quokka skeleton (D:6)
  A quokka zombie (D:8)
  3 rats
187 creatures vanquished.

Vanquished Creatures (collateral kills)
  A plant (D:7)
1 creature vanquished.

Vanquished Creatures (others)
  Sigmund (D:5)
  A crimson imp (D:5)
  An iguana (D:5)
  A sky beast zombie (D:9)
  A shadow imp (D:5)
  An orc zombie (D:7)
  2 gnoll zombies (D:7)
  A hobgoblin zombie (D:7)
  A fungus (D:9)
  2 plants (D:9)
12 creatures vanquished.

Grand Total: 200 creatures vanquished

Notes
Turn   | Place    | Note
-------+----------+-------------------------------------------
     0 | D:1      | Malachi the Ghoul Fighter began the quest for the Orb.
     0 | D:1      | Reached XP level 1. HP: 19/19 MP: 0/0
   146 | D:1      | Reached XP level 2. HP: 26/26 MP: 1/1
   920 | D:1      | Reached XP level 3. HP: 27/31 MP: 2/2
  1863 | D:3      | Noticed a scorpion
  1873 | D:3      | Killed a scorpion
  1873 | D:3      | Reached skill level 1 in Dodging
  1873 | D:3      | Reached XP level 4. HP: 39/40 MP: 3/3
  1875 | D:3      | Found an ancient bone altar of Kikubaaqudgha.
  2096 | D:3      | Noticed a bullfrog
  2105 | D:3      | Killed a bullfrog
  2105 | D:3      | Reached XP level 5. HP: 33/46 MP: 4/4
  2577 | D:4      | Reached XP level 6. HP: 36/51 MP: 5/5
  2752 | D:4      | Found a radiant altar of Vehumet.
  2799 | D:4      | Found a blossoming altar of Fedhas.
  2984 | D:4      | Reached XP level 7. HP: 56/59 MP: 6/6
  3006 | D:5      | Entered Level 5 of the Dungeon
  3096 | D:5      | Noticed Pikel
  3102 | D:5      | Noticed Sigmund
  3134 | D:5      | Killed Pikel
  3134 | D:5      | Reached skill level 5 in Axes
  3134 | D:5      | Reached XP level 8. HP: 43/67 MP: 7/7
  3140 | D:5      | Killed Sigmund
  3309 | D:5      | Noticed Blork the orc
  3317 | D:5      | Killed Blork the orc
  3337 | D:5      | Found an opulent altar of Gozag.
  3408 | D:5      | Reached skill level 5 in Fighting
  3548 | D:5      | Reached skill level 5 in Shields
  3549 | D:5      | Found Hueggint's Book Shoppe.
  3668 | D:5      | Found a staircase to the Ecumenical Temple.
  3778 | D:5      | Found a runed door.
  3903 | D:5      | Noticed Crazy Yiuf
  3910 | D:5      | Killed Crazy Yiuf
  3979 | Temple   | Entered the Ecumenical Temple
  4219 | Temple   | Became a worshipper of Yredelemnul the Dark
  4333 | D:6      | Noticed ohados's ghost (novice OpTm)
  4359 | D:6      | Killed ohados's ghost
  4359 | D:6      | Reached skill level 5 in Armour
  4359 | D:6      | Reached XP level 9. HP: 45/74 MP: 8/8
  5040 | D:6      | Reached * piety under Yredelemnul
  5427 | D:7      | Found Yfyaffen's Armour Boutique.
  5496 | D:7      | Noticed a hornet
  5519 | D:7      | Killed a hornet
  5783 | D:7      | Reached skill level 1 in Maces & Flails
  6024 | D:7      | Reached XP level 10. HP: 47/83 MP: 9/9
  6146 | D:7      | Reached ** piety under Yredelemnul
  6719 | D:8      | Found a hazy altar of Hepliaklqana.
  7087 | D:8      | Found a glowing golden altar of the Shining One.
  7432 | D:9      | Found a staircase to the Lair.
  7694 | D:9      | Reached *** piety under Yredelemnul
  8129 | D:9      | Reached skill level 5 in Maces & Flails
  8174 | D:9      | Slain by a troll

Skill      XL: |  1  2  3  4  5  6  7  8  9 10 |
---------------+-------------------------------+-----
Armour         | 3 4 5 6 |  6.7
Axes           | 2 3 5 6 7 |  7.7
Dodging        | 1 2 3 4 |  4.0
Shields        | 3 4 5 6 7 |  7.2
Fighting       | 4 5 6 7 |  7.1
Stealth        | 2 |  2.8
Maces & Flails | 1 5 |  5.1
Invocations    | |  0.7

Action                   |  1- 3 |  4- 6 |  7- 9 | 10-12 || total
-------------------------+-------+-------+-------+-------++-------
Melee: War axe           |   107 |   134 |   261 |       ||   502
       Flail             |       |       |    85 |   349 ||   434
Invok: Animate Remains   |       |       |     2 |     3 ||     5
  Use: Scroll            |     1 |     3 |     8 |     2 ||    14
       Potion            |       |       |     7 |     4 ||    11
 Stab: Invisible         |       |       |     4 |       ||     4
  Eat: Chunk             |     5 |     8 |    16 |    34 ||    63
Armor: Scale mail        |    62 |    78 |   136 |   147 ||   423
       Plate armour      |       |       |       |   104 ||   104
Dodge: Dodged            |    27 |    60 |   122 |   123 ||   332
Block: Shield            |    54 |    74 |   192 |   219 ||   539
       Large shield      |       |     4 |       |       ||     4
